 Dungeon Crawl Stone Soup version 0.31-a0-187-gba352fbbf7 (webtiles) character file.

Game seed: 7175287615306896164

1077 mopl the Summoner (level 8, 0/78 HPs)
             Began as a Barachi Summoner on June 21, 2023.
             Slain by a killer bee (3 damage)
             ... on level 5 of the Dungeon on June 22, 2023.
             The game lasted 00:07:37 (4245 turns).

mopl the Summoner (Barachi Summoner)                Turns: 4245, Time: 00:07:38

Health: 0/78       AC: 24    Str: 10    XL:     8   Next: 29%
Magic:  16/18      EV:  2    Int: 17    God:
Gold:   227        SH:  0    Dex: 13    Spells: 6/21 levels left

rFire   . . .        a - +2 dagger (venom)
rCold   . . .        (no shield)
rNeg    . . .        c - melded +0 robe
rPois   +            m - melded +1 hat
rElec   .            (cloak currently unavailable)
rCorr   .            (gloves currently unavailable)
SInv    .            (boots currently unavailable)
Will    .....        (no amulet)
Stlth   ++           (no ring)
HPRegen 0.33/turn    (no ring)
MPRegen 0.16/turn

%: no passive effects
@: mighty, lethally poisoned (0 -> -4), tree-form, unable to hop
A: stationary, stasis, torment immunity, boosted hp, (amphibious), (slowness 1),
(strong legs 1), +LOS, MP-powered wands
a: no special abilities


You were on level 5 of the Dungeon.
You were a tree.
You visited 1 branch of the dungeon, and saw 5 of its levels.
You also visited: Ossuary.

You collected 317 gold pieces.
You spent 90 gold pieces at shops.

Inventory:

Hand Weapons
 a - a +2 dagger of venom (weapon)
 j - a +0 spear
Missiles
 i - 2 poisoned darts
Armour
 c - a +0 robe (melded)
 m - a +1 hat (melded)
Scrolls
 e - a scroll of fear {unknown}
 g - 2 scrolls of identify {unknown}
 h - a scroll of enchant weapon {unknown}
 l - 2 scrolls of revelation {unknown}
 p - 3 scrolls of amnesia {unknown}
 t - a scroll of immolation {unknown}
 u - a scroll of enchant armour {unknown}
 v - a scroll of teleportation {unknown}
 w - 2 scrolls of brand weapon {unknown}
 x - a scroll of vulnerability {unknown}
Potions
 b - a potion of magic
 d - 2 potions of curing
 f - a potion of lignification {!q}
 k - a potion of enlightenment {unknown}
 n - 2 potions of might
 o - a potion of mutation {!q}
 q - 2 potions of ambrosia {unknown}
 r - 2 potions of degeneration {unknown}
 s - a potion of invisibility {unknown}
 z - a potion of heal wounds {unknown}
 A - 2 potions of attraction {unknown}


   Skills:
 - Level 2.1 Dodging
 - Level 1.7 Stealth
 + Level 7.0 Spellcasting
 + Level 9.4 Summonings


You had 6 spell levels left.
You knew the following spells:

 Your Spells              Type           Power      Damage    Failure   Level
a - Summon Small Mammal   Summ           100%       N/A       1%          1
b - Call Imp              Summ           76%        N/A       1%          2
c - Call Canine Familiar  Summ           38%        N/A       1%          3
d - Summon Lightning Spi  Summ/Air       22%        N/A       17%         4
e - Blink                 Tloc           12%        N/A       17%         2
g - Summon Guardian Gole  Hex/Summ       22%        N/A       4%          3

Your spell library contained the following spells:

 Spells                   Type           Power      Damage    Failure   Level
 Magic Dart               Conj           24%        1d4       12%         1
 Ensorcelled Hibernation  Hex/Ice        12%        N/A       17%         2
 Lesser Beckoning         Tloc           12%        N/A       17%         2
 Momentum Strike          Conj/Tloc      12%        3d8       17%         2
 Passwall                 Tmut/Erth      5%         N/A       17%         2
 Mephitic Cloud           Conj/Pois/Air  6%         N/A       34%         3
 Swiftness                Air            6%         N/A       34%         3
 Vhi's Electric Charge    Tloc/Air       12%        N/A       34%         3
 Arcjolt                  Conj/Air       3%         1d13      97%         5
 Plasma Beam              Fire/Air       3%         2x1d13    100%        6


Dungeon Overview and Level Annotations

Branches:
Dungeon (5/15)            Ossuary (visited)
 Temple: D:4-7

Altars:
Zin


Innate Abilities, Weirdness & Mutations

You are a tree.
Your roots penetrate the ground, keeping you stationary.
You cannot be teleported.
You are immune to unholy pain and torment.
Your maximum health is greatly increased.
Your equipment is partially melded.
((You are amphibious.))
((You cover ground slowly.))
((You can hop short distances.))
You have an extended range of vision and can be seen from far away.
You expend magic power (3 MP) to strengthen your wands.


Message History

The killer bee buzzes angrily.
You hit the killer bee but do no damage.
The killer bee is poisoned.
* * * LOW HITPOINT WARNING * * *
You feel very sick. The killer bee closely misses you.
Your hound bites the bullfrog.
The killer bee barely misses you.
It was a potion of might.
You feel very mighty all of a sudden.
* * * LOW HITPOINT WARNING * * *
You feel very sick. The killer bee barely misses you.
Your hound bites the bullfrog.
The bullfrog misses your hound. The killer bee barely misses you.
Your hound bites the bullfrog.
Unknown command.
Hop to where?
Press: ? - help, Dir - move target Boing!
* * * LOW HITPOINT WARNING * * *
You feel sick.
Unknown command.
It was a potion of lignification.
You turn into a tree.
Your +1 hat melds into your body.
Your +0 robe melds into your body.
Your roots penetrate the ground.
You feel sick.
The killer bee stings you but does no damage.
The killer bee stings you.
* * * LOW HITPOINT WARNING * * *
The killer bee barely misses you. The killer bee stings you.
* * * LOW HITPOINT WARNING * * *
Your hound barely misses the killer bee.
Unknown command.
It was a potion of mutation.
You feel extremely strange.
You feel your magical essence link to the dungeon's wands.
* * * LOW HITPOINT WARNING * * *
You feel sick.
You kill the killer bee!
Something closely misses your hound.
The killer bee stings you but does no damage. x3
The killer bee stings you.
You die...

#...# ## #...# .# #...# ..#
### #...###### $. ....
###........## .# .....
............######.##......
.............†............
......>.....###..y.##......
#.......##.## #.♣y.....>.<.
#.#........# #.h##>#......
#.#...#.#### #..F.F.y#..
#.#...#.# #.###h##.....
........# #.# .# . ..
........# #.# .# .
.......## #.# ..
.##....########.# ##
.#...........##..


You could see a bullfrog (distracted), 2 killer bees and a friendly hound
(summoned).

Vanquished Creatures
  2 black bears (D:5)
  An ogre (D:5)
  A phantom (D:5)
  2 scorpions
  2 killer bees (D:5)
  A hound (D:5)
  An orc priest (D:4)
  2 iguanas
  A mummy (Ossuary)
  3 gnolls (D:2)
  A shadow imp (D:4)
  2 worms
  4 orcs
  8 endoplasms
  4 giant cockroaches
  6 goblins
  2 hobgoblins
  4 jackals (D:2)
  4 ball pythons
  3 bats
  5 frilled lizards
  7 kobolds
  An orc zombie (Ossuary)
  8 rats
  A rat zombie (Ossuary)
76 creatures vanquished.

Vanquished Creatures (collateral kills)
  Sigmund (D:4)
  A black bear (D:4)
  An orc priest (D:4)
  A hound zombie (Ossuary)
  3 mummies (Ossuary)
  A gnoll (D:2)
  2 worms (D:4)
  A dart slug (D:4)
  2 orcs (D:4)
  A gnoll zombie (Ossuary)
  A goblin (D:2)
  A hobgoblin (D:4)
  A ball python (D:4)
  A jackal zombie (Ossuary)
  2 kobold zombies (Ossuary)
  2 orc zombies (Ossuary)
  3 rat zombies (Ossuary)
25 creatures vanquished.

Grand Total: 101 creatures vanquished

Notes
Turn   | Place    | Note
-------+----------+-------------------------------------------
     0 | D:1      | mopl the Barachi Summoner began the quest for the Orb.
     0 | D:1      | Reached XP level 1. HP: 13/13 MP: 3/3
   196 | D:1      | Reached skill level 5 in Summonings
   317 | D:1      | Reached XP level 2. HP: 19/19 MP: 3/5
   320 | D:1      | Learned a level 2 spell: Call Imp
   923 | D:1      | Reached XP level 3. HP: 3/24 MP: 7/7
   927 | D:1      | Learned a level 3 spell: Call Canine Familiar
  1147 | D:2      | Found a glowing silver altar of Zin.
  1179 | D:2      | Reached skill level 3 in Spellcasting
  1251 | D:2      | Reached XP level 4. HP: 15/30 MP: 7/9
  1843 | D:2      | Found a faded altar of an unknown god.
  2090 | D:2      | Reached skill level 6 in Summonings
  2305 | D:3      | Learned a level 3 spell: Summon Guardian Golem
  2736 | D:4      | Noticed a scorpion
  2783 | D:4      | Found Zin's Purification Station.
  2786 | D:4      | Found a glowing silver altar of Zin.
  2789 | D:4      | Bought a potion of curing for 90 gold pieces
  2802 | D:4      | Reached XP level 5. HP: 19/35 MP: 7/10
  2805 | D:4      | Reached skill level 4 in Spellcasting
  2863 | D:4      | Noticed a black bear
  2871 | D:4      | Killed a black bear
  2879 | D:4      | Found a sand-covered staircase.
  2886 | Ossuary  | Entered an ossuary
  2901 | Ossuary  | Reached XP level 6. HP: 38/41 MP: 5/12
  2916 | Ossuary  | Reached skill level 7 in Summonings
  3162 | D:4      | Upgraded the game from 0.31-a0-182-gc5ef74bbde to
                  | 0.31-a0-187-gba352fbbf7
  3207 | D:4      | Reached skill level 5 in Spellcasting
  3348 | D:4      | Noticed Sigmund
  3382 | D:4      | Killed Sigmund
  3383 | D:4      | Reached skill level 8 in Summonings
  3383 | D:4      | Reached XP level 7. HP: 14/46 MP: 8/15
  3670 | D:4      | Learned a level 2 spell: Blink
  3675 | D:4      | Learned a level 4 spell: Summon Lightning Spire
  3696 | D:5      | Entered Level 5 of the Dungeon
  3712 | D:5      | Reached skill level 6 in Spellcasting
  3740 | D:5      | HP: 2/46 [black bear (9)]
  3961 | D:5      | Reached XP level 8. HP: 33/52 MP: 12/17
  3996 | D:5      | Reached skill level 9 in Summonings
  4210 | D:5      | Reached skill level 7 in Spellcasting
  4244 | D:5      | HP: 3/78 [killer bee (1)]
  4245 | D:5      | Gained mutation: You expend magic power (3 MP) to
                  | strengthen your wands. [potion of mutation]
  4245 | D:5      | Slain by a killer bee

Illustrated notes

Levels and vault maps discovered:
D:1:      sevenhm_arrival_forest_fort_small_3, layout_basic,
          dreamdust_princess_bridge, minmay_tetromino_l4
D:2:      layout_basic, shapermc_ecumenical_altar_mp_urbaneastern, basic_altar
D:3:      layout_rooms, serial_forest, infiniplex_forest_straight_2,
          infiniplex_forest_clump_double, infiniplex_forest_corner_1,
          infiniplex_forest_straight_2, infiniplex_forest_corner_1,
          infiniplex_forest_clump_medium, infiniplex_forest_straight_5
D:4:      layout_basic, zin_purify, lightli_ossuary_entry_decrepit_ruins,
          minmay_misc_feat_secret_circle, minmay_misc_feat_ornament,
          uniq_sigmund
D:5:      layout_loops_cross, minmay_temple_entry_nine_rooms

Skill      XL: |  1  2  3  4  5  6  7  8 |
---------------+-------------------------+-----
Summonings     | 5 6 8 9 |  9.4
Spellcasting   | 3 4 5 6 7 |  7.0
Dodging        | |  2.1
Stealth        | |  1.7

Action                     |  1- 3 |  4- 6 |  7- 9 || total
---------------------------+-------+-------+-------++-------
  Melee: Unarmed           |    23 |       |       ||    23
         Dagger            |   116 |   129 |    63 ||   308
         Punch             |     3 |       |     1 ||     4
   Cast: Call Canine Famil |     2 |    10 |     6 ||    18
         Call Imp          |       |     2 |       ||     2
         Summon Small Mamm |       |     1 |       ||     1
         Blink             |       |       |     1 ||     1
Ability: Hop               |       |       |     1 ||     1
    Use: Potion            |       |       |     3 ||     3
   Stab: Sleeping          |     5 |     4 |     3 ||    12
         Distracted        |       |     2 |       ||     2
 Armour: Robe              |    17 |    30 |    11 ||    58
         Skin              |       |       |     4 ||     4
  Dodge: Dodged            |    91 |    72 |    52 ||   215

Table legend: (Time is in decaauts)
 A = Elapsed time spent in this place.
 B = Non-inter-level travel time spent in this place.
 C = Inter-level travel time spent in this place.
 D = Time resting spent in this place.
 E = Time spent auto-exploring this place.
 F = Levels seen in this place.
 G = Mean time per level.
                   A        B        C        D        E       F      G
               +--------+--------+--------+--------+--------+-----+--------+
         Total |   4832 |   4713 |    119 |    743 |   2736 |   6 |  805.3 |
       Dungeon |   4534 |   4415 |    119 |    647 |   2705 |   5 |  906.8 |
       Ossuary |    297 |    297 |      0 |     96 |     31 |   1 |  297.0 |
               +--------+--------+--------+--------+--------+-----+--------+

Top non-repeatable levels by time:
     D:1: 1282 daAuts
     D:2: 1251 daAuts
     D:4: 818 daAuts
     D:3: 591 daAuts
     D:5: 590 daAuts
 Ossuary: 297 daAuts
